 Dungeon Crawl Stone Soup version 0.30.0-30-g96aa6591b8 (webtiles) character file.

Game seed: 8401321648512142711

1654 DemonSlayer the Magician (level 8, -8/54 HPs)
             Began as a Demonspawn Earth Elementalist on June 30, 2023.
             Was a Follower of Dithmenos.
             Succumbed to a kobold brigand's curare-tipped dart
             ... on level 6 of the Dungeon.
             The game lasted 00:17:22 (6750 turns).

DemonSlayer the Magician (DsEE)                     Turns: 6750, Time: 00:17:23

Health: -8/54      AC:  4    Str:  8    XL:     8   Next: 68%
Magic:  2/18       EV: 13    Int: 16    God:    Dithmenos [*.....]
Gold:   71         SH:  0    Dex: 17    Spells: 10/20 levels left

rFire   . . .        j - +0 rapier
rCold   . . .        (no shield)
rNeg    . . .        g - +0 leather armour
rPois   .            (no helmet)
rElec   .            o - +0 cloak
rCorr   .            (no gloves)
SInv    .            (no boots)
Will    .....        b - amulet of regeneration
Stlth   +++          (no ring)
HPRegen 1.09/turn    (no ring)
MPRegen 0.16/turn

%: no passive effects
@: lethally poisoned (-8 -> -37), slowed, wreathed by umbra, very slow
A: sturdy frame 2
a: Renounce Religion


You were on level 6 of the Dungeon.
You worshipped Dithmenos.
Dithmenos was aware of your devotion.
You visited 1 branch of the dungeon, and saw 7 of its levels.

You collected 291 gold pieces.
You spent 220 gold pieces at shops.

Inventory:

Hand Weapons
 f - a +0 dagger
 j - a +0 rapier (weapon)
Missiles
 a - 5 poisoned darts
 v - 4 atropa-tipped darts
Armour
 g - a +0 leather armour (worn)
 o - a +0 cloak (worn)
 s - the +5 chain mail of Ukugeraj {Regen+ Int+5 Stlth-}
   (You found it on level 4 of the Dungeon)

   Int:       It affects your intelligence (+5).
   Regen:     It increases your rate of health regeneration.
   Stlth:     It makes you less stealthy.
Jewellery
 b - an amulet of regeneration (around neck)
 p - an amulet of magic regeneration
Wands
 u - a wand of paralysis (12)
Scrolls
 c - 2 scrolls of blinking
 d - 3 scrolls of teleportation
 k - 2 scrolls of fog
 l - 2 scrolls of torment
 q - 3 scrolls of amnesia
 r - 2 scrolls of magic mapping
 t - a scroll of vulnerability {unknown}
Potions
 e - 4 potions of brilliance
 i - 3 potions of curing
 m - 5 potions of lignification
 n - a potion of heal wounds


   Skills:
 + Level 1.1 Fighting
 + Level 1.2 Short Blades
 + Level 2.5 Dodging
 + Level 3.6 Stealth
 + Level 6.8 Spellcasting
 + Level 2.8 Conjurations
 + Level 0.8 Transmutations
 + Level 6.4 Earth Magic


You had 10 spell levels left.
You knew the following spells:

 Your Spells              Type           Power      Damage    Failure   Level
a - Sandblast             Erth           52%        2d12      1%          1
b - Stone Arrow           Conj/Erth      40%        3d9       5%          3
c - Passwall              Tmut/Erth      14%        N/A       4%          2
d - Petrify               Tmut/Erth      17%        N/A       28%         4

Your spell library contained the following spells:

 Spells                   Type           Power      Damage    Failure   Level
 Ensorcelled Hibernation  Hex/Ice        10%        N/A       19%         2
 Spider Form              Tmut/Pois      6%         N/A       32%         3
 Gell's Gravitas          Tloc           5%         N/A       36%         3
 Portal Projectile        Hex/Tloc       10%        N/A       36%         3
 Teleport Other           Tloc           5%         N/A       36%         3
 Tukima's Dance           Hex            5%         N/A       36%         3
 Anguish                  Hex/Necr       2%         N/A       77%         4
 Blade Hands              Tmut           4%         N/A       94%         5
 Dispersal                Tloc           2%         N/A       100%        6


Dungeon Overview and Level Annotations

Branches:
Dungeon (7/15)             Temple (0/1) D:6

Altars:
Dithmenos
Kikubaaqudgha

Shops:
D:1 =?   D:4 *   D:5 [

Annotations:
D:4 2 transporters


Innate Abilities, Weirdness & Mutations

Your movements are less encumbered by armour. (ER -4)


Message History

Dithmenos accepts your kill.
You can't see any susceptible monsters within range! (Use Z to cast anyway.)
You can't see any susceptible monsters within range! (Use Z to cast anyway.)
You can't see any susceptible monsters within range! (Use Z to cast anyway.)
You can't see any susceptible monsters within range! (Use Z to cast anyway.)
A kobold comes into view. It is wielding a +0 short sword.
The stone arrow misses the kobold brigand.
The stone arrow hits the kobold!!
You kill the kobold!
Dithmenos accepts your kill.
The kobold shouts!
You hear a shout!
The kobold brigand throws a curare-tipped dart.
The curare-tipped dart hits you.
You are poisoned.
You have difficulty breathing.
You feel yourself slow down.
You feel very sick.
A kobold comes into view. It is wielding a +0 dagger.
You feel sick.
The kobold brigand throws a curare-tipped dart.
The curare-tipped dart hits you.
You are more poisoned.
You have difficulty breathing.
You feel as though you will be slow longer.
You feel very sick.
The kobold brigand throws a curare-tipped dart.
The curare-tipped dart hits you.
You are more poisoned.
You have difficulty breathing.
You feel as though you will be slow longer.
There is a stone staircase leading up here.
* * * LOW HITPOINT WARNING * * *
You feel extremely sick.
The kobold brigand throws a curare-tipped dart.
The curare-tipped dart hits you.
You are lethally poisoned!
You have difficulty breathing.
* * * LOW HITPOINT WARNING * * *
You feel as though you will be slow longer.
You climb upwards.
You die...

#...........##..#......#.........
#..........####.#####..#.........
##........## #...PP#..#.........
#.......## ##..PP.####.........
##......# ###...................
##.....###........#####........
#.#...##..........# #........
###..##...........## #........
#...#.......@.....# ##.......
#(.)..............## #.......
##.)................# ##......
#..)................# ######.
#...)..............## ##.
#..................# ##..
#.................## #####..#
#................## ##..#..##
#................# ##......#


There were no monsters in sight!

Vanquished Creatures
  Sigmund (D:6)
  Edmund (D:6)
  3 water moccasins
  A sky beast (D:7)
  An ice beast (D:6)
  A centaur (D:6)
  A scorpion (D:6)
  A gnoll bouda (D:5)
  4 hounds
  4 jellies
  2 orc priests (D:5)
  3 orc wizards (D:6)
  Natasha (thrice) (D:2)
  10 gnolls
  8 adders
  A shadow imp (D:6)
  A white imp (D:5)
  An ufetubus (D:6)
  2 dart slugs
  14 orcs
  5 ball pythons
  4 bats
  8 endoplasms
  A giant cockroach (D:4)
  6 goblins
  4 hobgoblins
  A jackal (D:3)
  5 quokkas
  5 frilled lizards
  6 kobolds
  8 rats
116 creatures vanquished.

Notes
Turn   | Place    | Note
-------+----------+-------------------------------------------
     0 | D:1      | DemonSlayer the Demonspawn Earth Elementalist began the
                  | quest for the Orb.
     0 | D:1      | Reached XP level 1. HP: 13/13 MP: 3/3
   320 | D:1      | Gained mutation: Your movements are slightly less
                  | encumbered by armour. (ER -2) [demonic ancestry]
   320 | D:1      | Reached XP level 2. HP: 19/19 MP: 3/5
   359 | D:1      | Found Yxegituv's Jewellery Emporium.
   800 | D:1      | Found Ikhlox's Magic Scroll Boutique.
   819 | D:1      | Bought a scroll of identify for 20 gold pieces
   819 | D:1      | Bought a scroll of identify for 20 gold pieces
  1061 | D:2      | Reached XP level 3. HP: 24/24 MP: 3/6
  1136 | D:2      | Noticed Natasha
  1144 | D:2      | Killed Natasha
  1361 | D:2      | Noticed Natasha
  1366 | D:2      | Killed Natasha
  1367 | D:2      | Reached XP level 4. HP: 22/30 MP: 3/8
  1388 | D:2      | Noticed Natasha
  1394 | D:2      | Killed Natasha
  1399 | D:2      | Learned a level 3 spell: Stone Arrow
  1402 | D:2      | Learned a level 2 spell: Passwall
  1901 | D:2      | Reached XP level 5. HP: 33/35 MP: 6/9
  2165 | D:1      | Bought a scroll of blinking for 75 gold pieces
  2165 | D:1      | Bought a scroll of teleportation for 30 gold pieces
  3111 | D:3      | Learned a level 4 spell: Petrify
  3184 | D:4      | Found a transporter.
  3256 | D:4      | Found Zin's Purification Station.
  3586 | D:4      | Identified the +5 chain mail of Ukugeraj {Regen+ Int+5
                  | Stlth-}
  3693 | D:4      | Found a transporter.
  3875 | D:4      | Found a shadowy altar of Dithmenos.
  3876 | D:4      | Found an ancient bone altar of Kikubaaqudgha.
  3884 | D:4      | Became a worshipper of Dithmenos the Shadowed
  4006 | D:1      | Bought a scroll of magic mapping for 75 gold pieces
  4136 | D:5      | Entered Level 5 of the Dungeon
  4142 | D:5      | Reached XP level 6. HP: 37/41 MP: 10/12
  4443 | D:5      | Noticed a water moccasin
  4450 | D:5      | Killed a water moccasin
  4597 | D:5      | Reached skill level 1 in Short Blades
  4634 | D:5      | Reached skill level 5 in Earth Magic
  4634 | D:5      | Gained mutation: Your movements are less encumbered by
                  | armour. (ER -4) [demonic ancestry]
  4634 | D:5      | Reached XP level 7. HP: 46/46 MP: 13/13
  4647 | D:5      | Found a transporter.
  4649 | D:5      | Found Memi Kuschyakk's Antique Armour Emporium.
  4839 | D:5      | Reached skill level 1 in Conjurations
  5025 | D:5      | Found a transporter.
  5339 | D:6      | Reached skill level 5 in Spellcasting
  5446 | D:6      | Reached * piety under Dithmenos
  5890 | D:6      | Reached XP level 8. HP: 53/53 MP: 11/16
  6365 | D:6      | Found a staircase to the Ecumenical Temple.
  6592 | D:6      | Noticed Sigmund
  6593 | D:6      | Noticed Edmund
  6608 | D:6      | Killed Edmund
  6609 | D:6      | Reached skill level 1 in Fighting
  6609 | D:6      | Killed Sigmund
  6750 | D:6      | Succumbed to a kobold brigand's curare-tipped dart

Illustrated notes

Levels and vault maps discovered:
D:1:      tarquinn_simple_flora_water_f, layout_loops_cross, serial_shops,
          nicolae_shop_crystal, shop
D:2:      layout_loops_ring, minmay_misc_feat_roman, grunt_ministairs_10,
          uniq_natasha
D:3:      layout_basic, minmay_increasing_density
D:4:      gammafunk_cloud_chamber, layout_loops_ring, zin_purify,
          gammafunk_temple_overflow_pools
D:5:      layout_loops_ring, serial_shops, nicolae_shop_drivethru
D:6:      layout_cave_pods, temple_green, sigmund_edmund_badplayer
D:7:      layout_basic, nemelex_diamond_rough_becter, trog_ov_bears_minmay,
          hangedman_decor_slide_cut

Skill      XL: |  1  2  3  4  5  6  7  8 |
---------------+-------------------------+-----
Earth Magic    | 3 4 5 6 |  6.4
Stealth        | 2 3 |  3.6
Spellcasting   | 3 4 5 6 |  6.8
Dodging        | 2 |  2.5
Short Blades   | 1 |  1.2
Conjurations   | 1 2 |  2.8
Fighting       | 1 |  1.1
Transmutations | |  0.8

Action                     |  1- 3 |  4- 6 |  7- 9 || total
---------------------------+-------+-------+-------++-------
  Melee: Rapier            |     2 |    17 |    13 ||    32
   Cast: Sandblast         |    42 |    99 |    29 ||   170
         Stone Arrow       |       |     5 |    44 ||    49
    Use: Scroll            |     4 |     7 |     1 ||    12
         Potion            |       |     1 |     3 ||     4
   Stab: Sleeping          |     2 |     2 |     1 ||     5
 Armour: Leather armour    |       |     9 |    12 ||    21
  Dodge: Dodged            |     6 |    58 |    35 ||    99
